 Dungeon Crawl Stone Soup version 0.29-a0-1023-g6ae1a4a2c7 (webtiles) character file.

Game seed: 12756360190080014846

73 nickcage the Poker (level 4, -16/33 HPs)
             Began as a Merfolk Gladiator on Aug 11, 2022.
             Demolished by Crazy Yiuf
             ... wielding a +3 quarterstaff of chaos
              (17 damage)
             ... on level 2 of the Dungeon.
             The game lasted 00:06:29 (1144 turns).

nickcage the Poker (Merfolk Gladiator)              Turns: 1144, Time: 00:06:29

Health: -16/33     AC:  5    Str: 16    XL:     4   Next: 27%
Magic:  4/4        EV: 13    Int:  7    God:
Gold:   64         SH:  0    Dex: 15    Spells: 3/3 levels left

rFire   . . .      SeeInvis .   a - +0 trident
rCold   . . .      Faith    .   (no shield)
rNeg    . . .      Spirit   .   b - +0 leather armour
rPois   .          Reflect  .   c - +0 helmet
rElec   .          Harm     .   (no cloak)
rCorr   .          Rampage  .   f - +0 pair of gloves
Will    .....                   (no boots)
Stlth   +.........              (no amulet)
HPRegen 0.11/turn               (no ring)
MPRegen 0.09/turn               (no ring)

@: slowed, very slow
A: (nimble swimmer 2), mertail
a: no special abilities


You were on level 2 of the Dungeon.
You visited 1 branch of the dungeon, and saw 2 of its levels.

You collected 64 gold pieces.

Inventory:

Hand Weapons
 a - a +0 trident (weapon)
Missiles
 d - 3 throwing nets
 e - a javelin (quivered)
Armour
 b - a +0 leather armour (worn)
 c - a +0 helmet (worn)
 f - a +0 pair of gloves (worn)
Scrolls
 g - a scroll of fear {unknown}
 h - 2 scrolls of identify {unknown}
 i - a scroll of torment {unknown}
 j - 2 scrolls of amnesia
 k - 4 scrolls of teleportation {unknown}
 m - 2 scrolls of noise {unknown}
Potions
 l - a potion of heal wounds {unknown}
 n - a potion of might {unknown}


   Skills:
 - Level 2.1 Fighting
 + Level 6.6 Polearms
 - Level 2.0 Throwing
 - Level 4.0 Dodging


You had 3 spell levels left.
You didn't know any spells.
Your spell library was empty.

Dungeon Overview and Level Annotations

Branches:
Dungeon (2/15)

Altars:

Shops:
D:1 (([((

Annotations:
D:2 Crazy Yiuf


Innate Abilities, Weirdness & Mutations

((You are very nimble when in or above water. (Stealth+, EV+, Speed+++)))
Your lower body shifts to a powerful aquatic tail in water.


Message History

You see here a +0 leather armour.
You now have 64 gold pieces (gained 12).
Found an escape hatch in the ceiling.
h - 2 scrolls labelled HIXEMEOVEA (gained 1)
Found a stone staircase leading up.
A ball python comes into view.
The ball python hisses angrily.
You puncture the ball python!
You kill the ball python!
No target in view!
No target in view!
You see here a ball python corpse.
Found a hammer.
Found a runed translucent door.
Crazy Yiuf shouts!
You open the door. You puncture Crazy Yiuf!
Crazy Yiuf is heavily wounded.
Crazy Yiuf misses you.
You hit Crazy Yiuf but do no damage.
Crazy Yiuf is heavily wounded.
Crazy Yiuf barely misses you.
You hit Crazy Yiuf but do no damage.
Crazy Yiuf is heavily wounded.
Crazy Yiuf hits you with a +3 quarterstaff of chaos!
You are electrocuted!
* * * LOW HITPOINT WARNING * * *
You are too injured to fight recklessly!
You closely miss Crazy Yiuf.
Crazy Yiuf is heavily wounded.
Crazy Yiuf hits you with a +3 quarterstaff of chaos!
* * * LOW HITPOINT WARNING * * *
You feel yourself slow down.
You hit Crazy Yiuf.
Crazy Yiuf is heavily wounded.
Crazy Yiuf misses you.
You hit Crazy Yiuf.
Crazy Yiuf is heavily wounded.
Crazy Yiuf hits you with a +3 quarterstaff of chaos!
Ouch! That really hurt!
You die...

#....#
#......................
####....#
############......)...#
......#.# #..#.....[##
###...#.# #####
#..#.#...### #...#.#
#..)# #..#........
#...#.#### #...#
#†.#########
###........# ... #..#
#.(........# #g# #..#
#.#..##.##.# ♣♣@♣ #..#
#.#..# .# # ♣.♣♣ ##.#
.....# .# ♣♣.♣ #>#
.....# # ♣.♣♣ #.#
#.##.# ♣♣.♣♣ ..#
#.##... ♣...♣♣ ###
#.##..... ♣....♣
############ .... ...
#....# #...........
#... ...
##..#####..#########


You could see Crazy Yiuf.

Vanquished Creatures
  A gnoll (D:1)
  4 dart slugs (D:1)
  5 endoplasms
  5 giant cockroaches
  3 goblins
  3 hobgoblins (D:1)
  6 jackals (D:1)
  A quokka (D:1)
  5 ball pythons
  2 bats
  2 frilled lizards
  9 kobolds
  3 rats
49 creatures vanquished.

Notes
Turn   | Place    | Note
-------+----------+-------------------------------------------
     0 | D:1      | nickcage the Merfolk Gladiator began the quest for the Orb.
     0 | D:1      | Reached XP level 1. HP: 16/16 MP: 1/1
     2 | D:1      | You fall into a shaft and drop 1 floor!
   133 | D:1      | Reached XP level 2. HP: 22/22 MP: 2/2
   143 | D:1      | Reached skill level 5 in Polearms
   203 | D:1      | Reached XP level 3. HP: 26/27 MP: 3/3
   267 | D:1      | Found Xaduemarch's Armour Emporium.
   303 | D:1      | Found Leoc's Weapon Shop.
   313 | D:1      | Found Luanyh's Antique Weapon Boutique.
   661 | D:1      | Found Nyegorut's Antique Weapon Boutique.
   683 | D:1      | Reached skill level 6 in Polearms
   824 | D:1      | Found Cushruziy's Antique Weapon Emporium.
   860 | D:1      | Reached XP level 4. HP: 33/33 MP: 4/4
  1134 | D:2      | Found a runed translucent door.
  1135 | D:2      | Noticed Crazy Yiuf
  1142 | D:2      | HP: 1/33 [Crazy Yiuf/+3 quarterstaff of chaos (8)]
  1144 | D:2      | Demolished by Crazy Yiuf

Illustrated notes

Levels and vault maps discovered:
D:1:      shiori_arrival_oz, layout_rooms, serial_shops, nicolae_lakefront_shop,
          nicolae_shop_behind_doors, shop, shop, shop, minmay_tree_intersection,
          chequers_serial_rivers_micro_b, minmay_pentomino_r4
D:2:      layout_loops_ring, dreamdust_ecumenical_altar_hidden_monk_grotto,
          hangedman_decor_lopped, uniq_crazy_yiuf_cottage

Skill      XL: |  1  2  3 |
---------------+----------+-----
Polearms       | 5 6 |  6.6
Fighting       | |  2.1
Throwing       | |  2.0
Dodging        | |  4.0

Action                   |  1- 3 |  4- 6 || total
-------------------------+-------+-------++-------
Melee: Trident           |   105 |    31 ||   136
  Use: Scroll            |       |     1 ||     1
 Stab: Sleeping          |     3 |       ||     3
Armor: Leather armour    |    37 |     3 ||    40
Dodge: Dodged            |    73 |    18 ||    91

Table legend: (Time is in decaauts)
 A = Elapsed time spent in this place.
 B = Non-inter-level travel time spent in this place.
 C = Inter-level travel time spent in this place.
 D = Time resting spent in this place.
 E = Time spent auto-exploring this place.
 F = Levels seen in this place.
 G = Mean time per level.
                   A        B        C        D        E       F      G
               +--------+--------+--------+--------+--------+-----+--------+
         Total |   1146 |   1123 |     23 |    192 |    671 |   2 |  573.0 |
       Dungeon |   1146 |   1123 |     23 |    192 |    671 |   2 |  573.0 |
               +--------+--------+--------+--------+--------+-----+--------+

Top non-repeatable levels by time:
     D:1: 854 daAuts
     D:2: 292 daAuts
